Map: [ESL] Stargazers

Players

Zoun

  • Race: Protoss Protoss
  • Spawn Location: 1:00

Astrea - Winner!

  • Race: Protoss Protoss
  • League: Master
  • Spawn Location: 11:00

Event: HomeStory Cup XXII

VOD

Have the link to the VOD?

Description

Time

  • Played on: Dec. 16, 2022, 6:02 a.m.
  • Length: 5:51

All games in this series

Show
View Real Time Build Order
Export as new Build Order

Zoun Protoss 

Build Orders: Blink Stalkers, Dark Templar Rush 

Get SALT Encoding   

  12  0:00  Probe  
  13  0:12  Probe  
  14  0:16  Pylon  
  14  0:24  Probe (Chrono Boost)  
  16  0:36  Probe (Chrono Boost)  
  16  0:37  Gateway  
  16  0:43  Probe (Chrono Boost)  
  16  0:45  Assimilator  
  17  0:51  Probe  
  18  0:58  Assimilator  
  18  1:03  Probe (Chrono Boost)  
  19  1:07  Gateway  
  20  1:12  Probe (Chrono Boost)  
  20  1:17  Probe (Chrono Boost)  
  20  1:23  Cybernetics Core  
  21  1:30  Probe  
  22  1:37  Pylon  
  22  1:42  Probe  
  23  1:55  Probe  
  23  2:00  Stalker x2  
  28  2:03  Warp Gate  
  28  2:07  Probe  
  29  2:15  Pylon  
  29  2:23  Probe  
  30  2:32  Twilight Council  
  30  2:40  Pylon  
  30  2:46  Stalker  
  30  2:49  Stalker  
  34  3:05  Shield Battery  
  34  3:09  Dark Shrine  
  34  3:28  Nexus  
  34  3:43  Pylon  
  34  3:46  Probe  
  35  3:51  Stalker  
  35  3:52  Stalker  
  39  3:58  Probe, Blink (Chrono Boost)  
  40  4:12  Gateway  
  36  4:26  Dark Templar  
  36  4:28  Probe  
  39  4:40  Probe  
  39  4:41  Shield Battery, Stalker  
  39  4:43  Probe  
  43  4:59  Sentry  
  45  5:02  Pylon  
  45  5:12  Stalker  
Show
View Real Time Build Order
Export as new Build Order

Astrea Protoss - Winner!

Build Orders: Oracle Opening 

Get SALT Encoding   

  12  0:00  Probe  
  13  0:12  Probe  
  14  0:16  Pylon  
  14  0:24  Probe (Chrono Boost)  
  16  0:36  Gateway, Probe (Chrono Boost)  
  16  0:43  Probe (Chrono Boost)  
  16  0:45  Assimilator  
  17  0:51  Probe  
  17  0:56  Pylon  
  18  1:03  Probe (Chrono Boost)  
  19  1:04  Assimilator  
  20  1:12  Probe (Chrono Boost)  
  20  1:17  Probe (Chrono Boost)  
  20  1:24  Cybernetics Core  
  21  1:29  Probe  
  21  1:30  Zealot  
  24  1:41  Probe  
  25  1:48  Pylon  
  25  1:53  Probe  
  28  2:01  Warp Gate  
  28  2:06  Robotics Facility  
  26  2:13  Sentry  
  28  2:22  Gateway x2  
  28  2:34  Gateway  
  28  2:37  Oracle  
  28  2:39  Sentry  
  28  2:43  Pylon  
  29  2:52  Immortal (Chrono Boost)  
  33  3:09  Pylon  
  32  3:20  Shield Battery  
  32  3:21  Warp Prism (Chrono Boost)  
  33  3:50  Zealot, Sentry  
  33  3:51  Zealot, Sentry  
  41  4:01  Pylon  
  41  4:08  Observer  
  42  4:20  Stalker x3  
  48  4:25  Stalker  
  50  4:32  Pylon  
  50  4:43  Zealot, Sentry  
  54  4:57  Observer (Chrono Boost)  
  55  5:15  Pylon  
  55  5:23  Zealot x2  
Tags
 
Add a new tag
Caveats
  • Supply blocks, unpowered buildings, or Contaminate may cause inaccurate times.
  • Supply counts are checked every 10 seconds.